Map: Acolyte LE

Players

Rogue - Winner!

  • Race: Zerg Zerg
  • Spawn Location: 7:00

Neeb

  • Race: Protoss Protoss
  • Spawn Location: 1:00

Event: 2017 WCS Global Finals

VOD

Have the link to the VOD?

Description

Time

  • Played on: Oct. 29, 2017, 3:53 p.m.
  • Length: 11:33

All games in this series

Show
View Real Time Build Order
Export as new Build Order

Rogue Zerg - Winner!

Build Orders: Hatch First, Swarm Host 

Get SALT Encoding   

  12  0:00  Drone  
  13  0:12  Overlord  
  13  0:16  Drone  
  14  0:30  Drone x2  
  14  0:34  Drone  
  17  0:51  Hatchery  
  17  0:53  Drone  
  17  0:56  Drone  
  18  1:07  Extractor  
  17  1:12  Spawning Pool  
  17  1:15  Drone  
  17  1:17  Drone  
  18  1:27  Drone  
  19  1:38  Overlord  
  19  1:49  Drone  
  20  1:58  Queen  
  20  2:01  Zergling x2  
  23  2:03  Queen, Drone  
  26  2:11  Drone  
  26  2:14  Drone  
  29  2:22  Drone  
  29  2:25  Zergling x2  
  30  2:33  Drone  
  30  2:34  Lair  
  30  2:36  Drone  
  32  2:40  Queen  
  32  2:43  Overlord  
  34  2:46  Drone  
  35  2:54  Drone  
  36  3:03  Drone  
  36  3:05  Drone  
  38  3:07  Drone x3  
  40  3:13  Drone x3  
  40  3:18  Overlord  
  43  3:28  Extractor  
  43  3:30  Extractor, Spore Crawler  
  43  3:32  Extractor, Drone x3  
  43  3:33  Overseer  
  42  3:35  Zergling x2  
  42  3:40  Drone  
  44  3:42  Roach Warren  
  44  3:46  Queen  
  44  3:48  Drone x5  
  49  3:52  Spore Crawler  
  49  3:53  Drone  
  51  3:58  Infestation Pit  
  51  4:00  Overlord  
  51  4:01  Drone  
  51  4:12  Overlord  
  51  4:20  Nydus Network  
  51  4:24  Queen  
  50  4:25  Drone  
  50  4:26  Drone x3  
  50  4:30  Overlord x2  
  56  4:41  Swarm Host x3  
  65  4:48  Swarm Host x2  
  65  4:52  Overlord  
  71  5:03  Nydus Canal  
  71  5:06  Overlord  
  71  5:09  Drone  
  72  5:14  Swarm Host x2  
  72  5:16  Overlord  
  72  5:17  Overlord x2  
  78  5:22  Overlord  
  78  5:25  Overlord  
  78  5:29  Swarm Host  
  81  5:38  Nydus Canal  
  81  5:45  Queen x2  
  85  5:52  Swarm Host x2  
  85  5:53  Swarm Host x2  
  94  5:57  Drone  
  94  6:00  Swarm Host  
  97  6:11  Swarm Host x3  
  97  6:13  Drone  
  97  6:16  Drone  
  108  6:25  Evolution Chamber, Drone  
  109  6:29  Drone  
  109  6:30  Roach Warren  
  108  6:39  Nydus Canal  
  108  6:41  Swarm Host x2  
  108  6:44  Swarm Host  
  111  6:49  Spore Crawler  
  110  6:59  Spore Crawler  
  108  7:01  Zerg Missile Weapons Level 1, Drone x2  
  108  7:03  Drone x3  
  108  7:07  Swarm Host  
  114  7:09  Overlord  
  114  7:13  Overlord  
  114  7:16  Glial Reconstitution  
  114  7:22  Overlord  
  114  7:30  Hatchery  
  114  7:32  Zergling x2  
  114  7:44  Roach x2  
  114  7:45  Roach x3  
  114  7:48  Swarm Host  
  114  7:49  Swarm Host  
  130  7:52  Swarm Host  
  130  7:56  Swarm Host  
  136  8:02  Nydus Canal, Overlord  
  136  8:09  Roach  
  136  8:10  Roach x2  
  142  8:16  Swarm Host x2  
  148  8:20  Overlord  
  148  8:22  Overlord  
  148  8:33  Roach  
  147  8:38  Drone  
  147  8:39  Drone x5  
  147  8:40  Drone x2  
  147  8:49  Drone x2  
  147  8:50  Drone  
  147  8:53  Drone  
  151  8:58  Swarm Host  
  154  9:10  Spire  
  154  9:11  Spore Crawler  
  154  9:12  Spore Crawler  
  151  9:24  Queen, Drone x2  
  155  9:33  Roach x3  
  155  9:36  Roach  
  155  9:37  Roach x3  
  169  9:39  Roach  
  169  9:42  Roach  
  169  9:45  Roach  
  175  9:49  Roach  
  177  9:56  Overlord  
  177  10:02  Overlord  
  175  10:07  Spore Crawler  
  175  10:11  Overlord  
  166  10:17  Spore Crawler  
  166  10:19  Spore Crawler  
  164  10:22  Corruptor  
  164  10:23  Corruptor x3  
  172  10:32  Corruptor x2  
  172  10:39  Corruptor  
  172  10:40  Corruptor  
  176  10:46  Corruptor  
  176  10:50  Nydus Canal  
  176  10:54  Drone  
  176  10:55  Drone x2  
  173  11:04  Drone x2  
  173  11:11  Drone x5  
Show
View Real Time Build Order
Export as new Build Order

Neeb Protoss 

Build Orders: 1 Gate Expand, Oracle Opening 

Get SALT Encoding   

  12  0:00  Probe (Chrono Boost)  
  13  0:11  Probe (Chrono Boost)  
  14  0:18  Pylon  
  14  0:22  Probe (Chrono Boost)  
  15  0:36  Probe (Chrono Boost)  
  15  0:41  Gateway  
  16  0:46  Probe (Chrono Boost)  
  16  0:48  Assimilator  
  17  0:57  Probe (Chrono Boost)  
  18  1:08  Probe (Chrono Boost)  
  20  1:18  Probe (Chrono Boost)  
  20  1:26  Nexus  
  20  1:34  Cybernetics Core  
  20  1:37  Probe (Chrono Boost)  
  21  1:43  Assimilator  
  21  1:47  Probe (Chrono Boost)  
  21  1:52  Pylon  
  22  1:58  Probe (Chrono Boost)  
  23  2:10  Adept (Chrono Boost), Probe (Chrono Boost)  
  26  2:21  Stargate  
  26  2:23  Probe  
  27  2:31  Warp Gate (Chrono Boost)  
  27  2:35  Probe  
  27  2:36  Adept (Chrono Boost), Probe  
  31  2:47  Probe x2  
  33  2:57  Probe  
  33  2:59  Probe  
  33  3:00  Adept (Chrono Boost)  
  37  3:08  Probe, Pylon  
  37  3:09  Oracle (Chrono Boost)  
  37  3:11  Probe  
  42  3:18  Probe  
  42  3:22  Gateway  
  41  3:28  Mothership Core  
  41  3:29  Probe  
  41  3:31  Pylon  
  44  3:35  Gateway  
  44  3:37  Adept  
  46  3:42  Probe  
  47  3:49  Probe  
  47  3:53  Pylon  
  47  3:55  Pylon  
  48  4:00  Void Ray (Chrono Boost)  
  48  4:02  Probe x2  
  54  4:14  Probe  
  54  4:15  Probe  
  56  4:26  Probe x2  
  58  4:31  Nexus  
  58  4:32  Assimilator x2  
  58  4:38  Probe  
  58  4:39  Probe  
  58  4:41  Oracle (Chrono Boost)  
  63  4:49  Probe  
  63  4:51  Probe  
  65  4:59  Probe  
  65  5:01  Gateway  
  65  5:02  Twilight Council  
  65  5:03  Gateway, Probe  
  65  5:04  Gateway  
  67  5:10  Probe  
  67  5:14  Oracle (Chrono Boost)  
  71  5:15  Probe  
  71  5:20  Stalker x2  
  76  5:21  Adept  
  76  5:24  Pylon  
  78  5:30  Pylon  
  78  5:33  Probe  
  78  5:35  Probe  
  76  5:44  Probe, Resonating Glaives (Chrono Boost)  
  76  5:47  Probe  
  76  5:48  Probe  
  78  5:51  Oracle  
  78  5:54  Probe  
  82  5:59  Probe  
  83  6:04  Probe  
  83  6:07  Pylon  
  83  6:09  Stalker x3  
  90  6:12  Probe  
  90  6:14  Probe  
  92  6:23  Probe  
  89  6:33  Nexus  
  89  6:39  Stalker x3, Probe  
  95  6:40  Probe  
  97  6:50  Probe  
  97  6:52  Probe, Stargate x2  
  97  6:56  Adept  
  97  7:00  Adept x2  
  97  7:01  Probe  
  101  7:04  Probe  
  101  7:10  Assimilator  
  101  7:13  Assimilator  
  102  7:20  Pylon  
  102  7:21  Pylon  
  102  7:22  Pylon  
  101  7:29  Nexus  
  97  7:35  Adept x2  
  99  7:44  Adept x4  
  99  7:46  Probe  
  99  7:48  Probe, Pylon  
  107  7:56  Oracle (Chrono Boost)  
  107  7:58  Oracle (Chrono Boost), Probe  
  112  8:00  Probe  
  112  8:01  Oracle (Chrono Boost)  
  113  8:11  Probe  
  113  8:12  Probe  
  104  8:15  Adept x2  
  108  8:23  Probe  
  108  8:24  Probe  
  102  8:35  Probe  
  102  8:36  Probe  
  102  8:40  Oracle (Chrono Boost)  
  107  8:44  Adept  
  107  8:45  Oracle (Chrono Boost)  
  108  8:48  Probe  
  108  8:52  Cybernetics Core  
  87  9:06  Pylon  
  87  9:07  Pylon  
  87  9:11  Oracle (Chrono Boost)  
  90  9:25  Pylon  
  90  9:27  Probe  
  92  9:31  Oracle (Chrono Boost)  
  92  9:36  Adept x5  
  101  9:40  Probe  
  92  9:46  Nexus  
  92  9:52  Probe  
  94  10:00  Oracle (Chrono Boost)  
  94  10:14  Pylon  
  94  10:18  Adept x3  
  101  10:24  Oracle (Chrono Boost)  
  104  10:31  Oracle (Chrono Boost)  
  104  10:40  Adept  
  104  10:44  Pylon  
  104  10:45  Pylon  
  104  10:48  Oracle (Chrono Boost)  
  101  10:53  Probe  
  102  11:02  Oracle (Chrono Boost)  
  101  11:23  Adept x2  
Tags
 
Add a new tag
Caveats
  • Supply blocks, unpowered buildings, or Contaminate may cause inaccurate times.
  • Supply counts are checked every 10 seconds.